 Dungeon Crawl Stone Soup version 0.19-a0-1912-g48530cd (webtiles) character file.

14 Host24 the Grave Robber (level 2, 0/15 HPs)
             Began as a Kobold Necromancer on Dec 18, 2016.
             Slain by a kobold
             ... wielding a +0 dagger
              (6 damage)
             ... on level 1 of the Dungeon.
             The game lasted 00:01:46 (646 turns).

Host24 the Grave Robber (Kobold Necromancer)         Turns: 646, Time: 00:01:46

Health: 0/15       AC:  2    Str:  9    XL:     2   Next: 55%
Magic:  0/5        EV: 15    Int: 16    God:
Gold:   58         SH:  0    Dex: 15    Spells: 4/6 levels left

rFire  . . .     SeeInvis .     (weapon restricted)
rCold  . . .     Faith    .     a - +0 robe
rNeg   . . .     Spirit   .     (shield restricted)
rPois  .         Reflect  .     (no helmet)
rElec  .                        (no cloak)
rCorr  .                        (no gloves)
MR     .....                    (no boots)
Stlth  ++........               (no amulet)
                                (no ring)
                                i - +4 ring of strength

@: no status effects
A: carnivore 3
a: no special abilities


You were on level 1 of the Dungeon.
You were not hungry.

You visited 1 branch of the dungeon, and saw 1 of its levels.

You collected 58 gold pieces.

Inventory:

Hand Weapons
 e - a +0 whip
Missiles
 c - 248 stones (quivered)
 h - 120 arrows
 j - 76 bolts
Armour
 a - a +0 robe (worn)
Jewellery
 i - a +4 ring of strength (left hand)
Scrolls
 f - a scroll of teleportation {unknown}
 k - a scroll of noise {unknown}
Potions
 d - 2 potions of magic {unknown}
 g - a potion of heal wounds {unknown}
Books
 b - a book of Necromancy

   Spells                             Type                      Level
   a - Pain                           Necromancy                   1
   b - Animate Skeleton               Necromancy                   1
   c - Vampiric Draining              Necromancy                   3
   d - Regeneration                   Charms/Necromancy            3
   e - Animate Dead                   Necromancy                   4
   f - Control Undead                 Necromancy                   4


   Skills:
 - Level 2.5 Dodging
 - Level 2.6 Stealth
 + Level 2.5 Spellcasting
 - Level 4.3 Necromancy


You had 4 spell levels left.
You knew the following spells:

 Your Spells              Type           Power        Failure   Level  Hunger
a - Pain                  Necr           ###.         4%          1    #......
b - Animate Skeleton      Necr           N/A          4%          1    #......


Dungeon Overview and Level Annotations

Branches:
Dungeon (1/15)
   Lair: D:-1         Crypt: Vaults:-1     Tomb: Vaults:-1

Altars:


Innate Abilities, Weirdness & Mutations

You are small and have problems with some larger weapons.
You are carnivorous and can eat meat at any time.


Message History

Aiming: Pain
Press: ? - help, Shift-Dir - straight line, f/p - goblin
Aim: a goblin, wielding a dagger (severely wounded, chance to defeat MR: 85%)
The goblin writhes in agony!
The goblin hits you with a dagger (2). The kobold hits you but does no damage.
Casting: Pain
Confirm with . or Enter, or press ? or * to list all spells.
Aiming: Pain
Press: ? - help, Shift-Dir - straight line, f/p - goblin
Aim: a goblin, wielding a dagger (almost dead, chance to defeat MR: 85%)
The goblin writhes in agony!
You kill the goblin!
The kobold hits you with a dagger (1).
Casting: Pain
Confirm with . or Enter, or press ? or * to list all spells.
Aiming: Pain
Press: ? - help, Shift-Dir - straight line, f - kobold
Aim: a kobold, wielding a dagger (chance to defeat MR: 85%)
The kobold barely resists.
The kobold hits you with a dagger (6).
You die...

........##.........#.
###........##..####
#...####...#.### # #.#.#
#.......### #
#.#Z#####.##.#.... #.
#.#...# #.##...### ..
#.###.# #.###.##..
...##.#.###.###........#
......K@Z...............
...##)#Z###.##..........
# #.# #.##.#.....##. #.#
#....#.....##. #.#
######.....##. #.#
#.....### ..# #.....#
..# ####### # #


You could see a kobold, a friendly rat skeleton and a friendly hobgoblin
skeleton.

Vanquished Creatures
  A dart slug (D:1)
  A giant cockroach (D:1)
  A goblin (D:1)
  3 hobgoblins (D:1)
  A kobold (D:1)
  A bat (D:1)
  A frilled lizard (D:1)
  2 rats (D:1)
11 creatures vanquished.

Notes
Turn   | Place    | Note
-------+----------+-------------------------------------------
     0 | D:1      | Host24 the Kobold Necromancer began the quest for the Orb.
     0 | D:1      | Reached XP level 1. HP: 10/10 MP: 3/3
   317 | D:1      | Learned a level 1 spell: Animate Skeleton
   343 | D:1      | Reached XP level 2. HP: 12/15 MP: 0/5
   646 | D:1      | Slain by a kobold

Vault maps used:
D:1:      kilobyte_arrival_exit_the_forest

Action                   || total
-------------------------++-------
Melee: Unarmed           ||     3
 Cast: Pain              ||    23
       Animate Skeleton  ||     3
Armor: Robe              ||     1
Dodge: Dodged            ||     4
